 Dungeon Crawl Stone Soup version 0.30-b1-2-g02819fbbbe (webtiles) character file.

Game seed: 17066306194529771913

62924 Luthien the Devastator (level 15, -24/96 HPs)
             Began as a Gargoyle Conjurer on Sept 8, 2023.
             Was a High Priest of Vehumet.
             Killed from afar by Azrael (34 damage)
             ... with damnation
             ... on level 12 of the Dungeon.
             The game lasted 02:50:56 (34657 turns).

Luthien the Devastator (Gargoyle Conjurer)         Turns: 34657, Time: 02:50:56

Health: -24/96     AC: 28    Str: 12    XL:     15   Next: 7%
Magic:  12/30      EV:  8    Int: 25    God:    Vehumet [*****.]
Gold:   1237       SH:  7    Dex:  8    Spells: 16/37 levels left

rFire   . . .        t - staff of cold "Rimum" {rC+ rCorr Stlth+}
rCold   + + +        V - +2 buckler
rNeg    + . .        a - +0 ice dragon scales
rPois   ∞            J - +1 hat {Will+}
rElec   +            K - +1 cloak
rCorr   +            (no gloves)
SInv    .            x - +0 pair of boots
Will    +++..        o - amulet of magic regeneration
Stlth   ++           s - ring of willpower
HPRegen 0.36/turn    I - ring of Gyavvash {rF+ AC+4}
MPRegen 0.62/turn

%: no passive effects
@: flying
A: sickness immunity, AC +11, big wings, negative energy resistance 1,
electricity resistance, torment resistance 1, petrification resistance
a: Renounce Religion


You were on level 12 of the Dungeon.
You worshipped Vehumet.
Vehumet was extremely pleased with you.
You visited 3 branches of the dungeon, and saw 18 of its levels.
You also visited: Ice Cave.

You collected 1237 gold pieces.

Inventory:

Hand Weapons
 E - a +2 vampiric spear
Missiles
 d - 127 stones (quivered)
 k - 38 poisoned darts
 v - 5 datura-tipped darts
 C - 3 boomerangs of dispersal
 F - 3 throwing nets
Armour
 a - +0 ice dragon scales (worn)
 x - a +0 pair of boots (worn)
 J - a +1 hat of willpower (worn)
 K - a +1 cloak (worn)
 V - a +2 buckler (worn)
Magical Staves
 t - the staff of cold "Rimum" (weapon) {rC+ rCorr Stlth+}
   (You found it on level 11 of the Dungeon)

   [staff of cold]

   Base accuracy: +5 Base damage: 5 Base attack delay: 1.2 This weapon's minimum
   attack delay (0.6) is reached at skill level 12.
   rC:        It protects you from cold.
   rCorr:     It protects you from acid and corrosion.
   Stlth:     It makes you more stealthy.
   It falls into the 'Staves' category.
   It is a one-handed weapon.
 O - the staff of death "Sidaposami" {rN+ Int+5}
   (You found it in an ice cave)

   [staff of death]

   Base accuracy: +5 Base damage: 5 Base attack delay: 1.2 This weapon's minimum
   attack delay (0.6) is reached at skill level 12.
   Int:       It affects your intelligence (+5).
   rN:        It protects you from negative energy.
   It falls into the 'Staves' category.
   It is a one-handed weapon.
Jewellery
 n - a ring of wizardry
 o - an amulet of magic regeneration (around neck)
 r - a ring of ice
 s - a ring of willpower (left hand)
 B - a ring of see invisible
 I - the ring of Gyavvash (right hand) {rF+ AC+4}
   (You found it on level 5 of the Dungeon)

   [ring of protection]

   AC:        It affects your AC (+4).
   rF:        It protects you from fire.
 L - a ring of positive energy
 N - an amulet of the acrobat
Wands
 c - a wand of roots (10)
 i - a wand of charming (8)
 q - a wand of quicksilver (5)
 y - a wand of digging (1)
 H - a wand of flame (13)
 U - a wand of mindburst (6)
 Y - a wand of polymorph (3)
Scrolls
 f - a scroll of identify
 h - 2 scrolls of acquirement {unknown}
 j - a scroll of noise {unknown}
 l - 2 scrolls of poison
 p - a scroll of enchant weapon
 w - 2 scrolls of teleportation
 G - 2 scrolls of fog
 M - 2 scrolls of silence {unknown}
 Q - 3 scrolls of blinking {unknown}
 Z - a scroll of magic mapping
Potions
 b - a potion of magic
 e - 3 potions of ambrosia
 g - a potion of brilliance
 m - 5 potions of resistance
 u - 4 potions of heal wounds
 z - 13 potions of curing
 A - 4 potions of lignification
 D - 5 potions of berserk rage
 P - 2 potions of might
 S - a potion of mutation
 W - 3 potions of cancellation


   Skills:
 + Level 12.1 Fighting
 - Level 5.0 Dodging
 - Level 4.0 Stealth
 - Level 6.0 Shields
 - Level 11.5 Spellcasting
 - Level 15.0 Conjurations
 - Level 6.0 Hexes
 - Level 8.9 Translocations
 - Level 7.0 Fire Magic


You had 16 spell levels left.
You knew the following spells:

 Your Spells              Type           Power      Damage    Failure   Level
a - Magic Dart            Conj           100%       1d8       1%          1
b - Searing Ray           Conj           100%       2d8       1%          2
p - Fulminant Prism       Conj/Hex       30%        3d16      1%          4
A - Blink                 Tloc           100%       N/A       1%          2
B - Flame Wave            Conj/Fire      62%        2d14      1%          4
C - Hailstorm             Conj/Ice       67%        3d14      1%          3
F - Fireball              Conj/Fire      31%        3d13      4%          5

Your spell library contained the following spells:

 Spells                   Type           Power      Damage    Failure   Level
 Airstrike                Air            7%         2d(1-17)  71%         4
 Apportation              Tloc           100%       N/A       1%          1
 Kiss of Death            Conj/Necr      100%       2d13      1%          1
 Lesser Beckoning         Tloc           100%       N/A       1%          2
 Scorch                   Fire           98%        2d9       1%          2
 Dazzling Flash           Conj/Hex       100%       N/A       1%          3
 Iskenderun's Mystic Bla  Conj/Tloc      65%        2d13      1%          4
 Gell's Gravitas          Tloc           56%        N/A       3%          3
 Teleport Other           Tloc           56%        N/A       3%          3
 Portal Projectile        Hex/Tloc       100%       N/A       6%          3
 Manifold Assault         Tloc           56%        N/A       11%         4
 Freeze                   Ice            84%        1d9       12%         1
 Confusing Touch          Hex            44%        N/A       12%         3
 Tukima's Dance           Hex            44%        N/A       12%         3
 Ensorcelled Hibernation  Hex/Ice        88%        N/A       21%         2
 Frozen Ramparts          Ice            42%        1d7       32%         3
 Conjure Ball Lightning   Conj/Air       25%        3x3d7     58%         6
 Metabolic Englaciation   Hex/Ice        22%        N/A       98%         5
 Animate Dead             Necr           14%        N/A       99%         4
 Dispel Undead            Necr           14%        3d10      99%         4
 Alistair's Intoxication  Tmut/Pois      9%         N/A       100%        5
 Blade Hands              Tmut           7%         N/A       100%        5
 Summon Cactus Giant      Summ           7%         N/A       100%        6
 Haunt                    Necr/Summ      7%         N/A       100%        7
 Malign Gateway           Summ/Tloc      18%        N/A       100%        7
 Storm Form               Tmut/Air       7%         N/A       100%        7
 Discord                  Hex            22%        N/A       100%        8
 Disjunction              Tloc           28%        N/A       100%        8
 Infestation              Necr           7%         N/A       100%        8
 Summon Horrible Things   Summ           7%         N/A       100%        8


Dungeon Overview and Level Annotations

Branches:
Dungeon (12/15)            Temple (1/1) D:7            Lair (5/5) D:9
 Shoals (0/4) Lair:3        Snake (0/4) Lair:3        Slime (0/5) Lair:5
    Orc (0/2) D:11          IceCv (visited)

Altars:
Ashenzari
Cheibriados
Dithmenos
Elyvilon
Fedhas
Gozag
Hepliaklqana
Kikubaaqudgha
Makhleb
Nemelex Xobeh
Okawaru
Qazlal
Ru
Sif Muna
Trog
Uskayaw
Vehumet
Wu Jian
Xom
Yredelemnul
Zin
The Shining One
Lugonu

Shops:
D:4 *   D:11 :((

Portals:
Abyss: Lair:5

Annotations:
D:7 beetle
D:12 Azrael
Lair:4 exclusion: oklob plant
Lair:5 3 runed translucent doors, SockSock's ghost, journeyman TrMo


Innate Abilities, Weirdness & Mutations

You are immune to sickness and miasma.
Your stone body is resilient. (AC +11)
You are immune to poison.
Your large and strong wings let you fly.
You resist negative energy. (rN+)
You are resistant to electric shocks. (rElec)
You are resistant to unholy torment.
You are immune to petrification.


Message History

Casting: Fireball (dangerous; 4% risk of failure)
Confirm with . or Enter, or press ? or * to list all spells.
You can't see any susceptible monsters within range! (Use Z to cast anyway.)
Casting: Fireball (dangerous; 4% risk of failure)
Confirm with . or Enter, or press ? or * to list all spells.
Aiming: Magic Dart (safe; 1% risk of failure)
Press: ? - help, Shift-Dir - straight line, f - Azrael
Aim: Azrael, wielding a +1 scimitar of flaming (almost dead, 100% to hit)
The magic dart hits Azrael.
Azrael is almost dead.
Casting: Magic Dart (safe; 1% risk of failure)
Confirm with . or Enter, or press ? or * to list all spells.
You can't see any susceptible monsters within range! (Use Z to cast anyway.)
Casting: Magic Dart (safe; 1% risk of failure)
Confirm with . or Enter, or press ? or * to list all spells.
Aiming: Magic Dart (safe; 1% risk of failure)
Press: ? - help, Shift-Dir - straight line, f/p - Azrael
Aim: Azrael, wielding a +1 scimitar of flaming (almost dead, 100% to hit)
The magic dart hits Azrael.
Azrael is almost dead.
Azrael gestures at you. The sticky flame misses you.
Casting: Magic Dart (safe; 1% risk of failure)
Confirm with . or Enter, or press ? or * to list all spells.
You can't see any susceptible monsters within range! (Use Z to cast anyway.)
Casting: Magic Dart (safe; 1% risk of failure)
Confirm with . or Enter, or press ? or * to list all spells.
Aiming: Magic Dart (safe; 1% risk of failure)
Press: ? - help, Shift-Dir - straight line, f/p - Azrael
Aim: Azrael, wielding a +1 scimitar of flaming (almost dead, 100% to hit)
The magic dart hits Azrael.
Azrael is almost dead.
Azrael gestures at you.
The sphere of damnation explodes!
The damnation engulfs you!!!
Ouch! That really hurt!
* * * LOW HITPOINT WARNING * * *
You hear a roar!
Azrael gestures at you.
The sphere of damnation explodes!
The damnation engulfs you!!
You die...

#.#... ..##.. #.#
#....###...... #.#
#............. #.#
#....##.#..... #.#
#....##...... #.#
#....##☼... #.#
#....#..h# #)#
#....#○h.# #@#
#.....R*## #.#
####....####.. #.#
#.#.......# #.#
#...○....## #R#
#####○######
#.####...R.#
#.####.°☼...#####
#c§................
######.############


You could see Azrael.

Vanquished Creatures
  Gastronok (Lair:2)
  Nessos (D:12)
  Josephine (D:11)
  Fannar (Lair:3)
  3 hydras
  Erica (D:8)
  2 boulder beetles
  2 two-headed ogres
  5 death yaks
  3 thrashing horrors (Lair:5)
  Nergalle (D:10)
  Sonja (Lair:1)
  2 bog bodies (IceCv)
  A deep elf zephyrmancer (D:6)
  2 deep elf pyromancers (D:11)
  2 harpies
  4 ugly things
  3 cyclopes
  6 black mambas
  An ice statue (IceCv)
  10 elephants
  A guardian serpent (Lair:1)
  16 cane toads
  2 smoke demons (Lair:5)
  2 torpor snails
  4 rime drakes
  2 anaconda simulacra (IceCv)
  An ice devil (IceCv)
  9 komodo dragons
  A yaktaur (D:11)
  2 burning bushes (Lair:4)
  An ancient zyme (Lair:5)
  2 polar bears
  A hornet (D:8)
  Prince Ribbit (D:8)
  22 blink frogs
  15 dream sheep
  3 slime creatures (D:12)
  3 shadows
  A dire elephant simulacrum (IceCv)
  A spriggan (Lair:3)
  6 basilisks
  5 wraiths (D:11)
  3 wyverns
  2 ynoxinuls (Lair:5)
  43 yaks
  A fire elemental (D:12)
  Grum (D:11)
  2 chaos spawn (Lair:5)
  2 death yak simulacra (IceCv)
  5 small abominations (Lair:5)
  A harpy simulacrum (IceCv)
  A hydra simulacrum (IceCv)
  16 water moccasins
  A hell hound (D:12)
  3 orc warriors
  A swamp drake (D:11)
  2 ice beasts
  2 black bears
  5 wolves
  A sky beast (D:6)
  5 centaurs
  An ogre (D:5)
  A phantom (D:5)
  2 kobold brigands
  14 bullfrogs
  Blork the orc (D:5)
  3 gnoll sergeants
  A cane toad simulacrum (IceCv)
  5 two-headed ogre simulacra (IceCv)
  5 wights (D:7)
  10 killer bees (D:9)
  2 elephant simulacra (IceCv)
  5 howler monkeys
  2 electric eels (Lair:1)
  4 jellies
  7 orc priests
  A gnoll bouda (D:7)
  5 hounds
  A sleepcap (D:5)
  7 hell rats (Lair:5)
  7 orc wizards
  3 iguanas
  4 spriggan simulacra (IceCv)
  10 troll simulacra (IceCv)
  2 polar bear simulacra (IceCv)
  4 wolf simulacra (IceCv)
  26 gnolls
  2 adders
  7 naga simulacra (IceCv)
  A shadow imp (D:6)
  17 white imps
  3 ufetubi
  2 worms (D:2)
  2 dart slugs
  35 orcs
  6 ball pythons
  6 endoplasms
  4 giant cockroaches
  4 goblins
  12 hobgoblins
  2 jackals (D:4)
  4 quokkas
  2 bats
  4 frilled lizards
  15 kobolds
  2 rats
  2 bushes (Lair:3)
516 creatures vanquished.

Vanquished Creatures (others)
  A blink frog (Lair:4)
  A bush (Lair:4)
  303 fulminant prisms
  42 fungi
  61 plants
408 creatures vanquished.

Grand Total: 924 creatures vanquished

Notes
Turn   | Place    | Note
-------+----------+-------------------------------------------
     0 | D:1      | Luthien the Gargoyle Conjurer began the quest for the Orb.
     0 | D:1      | Reached XP level 1. HP: 10/10 MP: 3/3
   381 | D:1      | Reached XP level 2. HP: 15/15 MP: 1/5
   526 | D:1      | Learned a level 2 spell: Searing Ray
  1902 | D:2      | Reached XP level 3. HP: 19/19 MP: 1/6
  2488 | D:2      | Reached skill level 5 in Conjurations
  2552 | D:2      | Learned a level 2 spell: Blink
  3290 | D:3      | Found a stormy altar of Qazlal.
  3735 | D:3      | Reached XP level 4. HP: 24/24 MP: 3/8
  4306 | D:3      | Reached skill level 1 in Translocations
  4662 | D:5      | Entered Level 5 of the Dungeon
  4909 | D:4      | Reached XP level 5. HP: 28/28 MP: 3/9
  5335 | D:4      | Reached XP level 6. HP: 21/32 MP: 7/11
  5528 | D:4      | Noticed a water moccasin
  5533 | D:4      | Killed a water moccasin
  5534 | D:4      | Reached skill level 6 in Conjurations
  5711 | D:4      | Found Coob's CLEARANCE SALE!.
  6318 | D:4      | Learned a level 4 spell: Fulminant Prism
  6339 | D:5      | Identified the ring of Gyavvash {rF+ AC+4}
  6636 | D:5      | Reached XP level 7. HP: 36/36 MP: 10/13
  6880 | D:5      | Reached skill level 1 in Hexes
  7743 | D:6      | Reached skill level 5 in Spellcasting
  7749 | D:6      | Reached XP level 8. HP: 41/41 MP: 2/15
  7897 | D:6      | Noticed a wyvern
  7908 | D:6      | Killed a wyvern
  8213 | D:6      | Reached skill level 5 in Translocations
  8358 | D:6      | Noticed Blork the orc
  8522 | D:6      | Reached skill level 1 in Fighting
  9013 | D:6      | Noticed a deep elf zephyrmancer
  9019 | D:6      | Killed a deep elf zephyrmancer
  9020 | D:6      | Reached XP level 9. HP: 49/49 MP: 7/16
  9234 | D:7      | Reached skill level 7 in Conjurations
  9352 | D:7      | Reached skill level 5 in Hexes
  9543 | D:8      | Noticed a two-headed ogre
 10351 | D:7      | Found a staircase to the Ecumenical Temple.
 10806 | D:8      | Reached skill level 8 in Conjurations
 10998 | D:8      | Reached skill level 5 in Fighting
 11059 | D:8      | Noticed Prince Ribbit
 11066 | D:8      | Killed Prince Ribbit
 11207 | D:8      | Reached skill level 9 in Conjurations
 11347 | D:8      | Reached XP level 10. HP: 59/59 MP: 12/17
 11365 | D:8      | Reached skill level 10 in Conjurations
 11480 | D:8      | Noticed Erica
 11492 | D:8      | Killed Erica
 11493 | D:8      | Reached skill level 11 in Conjurations
 12064 | D:8      | Reached skill level 12 in Conjurations
 12517 | D:8      | Killed a two-headed ogre
 12729 | Temple   | Entered the Ecumenical Temple
 12869 | Temple   | Became a worshipper of Vehumet
 12940 | D:10     | Entered Level 10 of the Dungeon
 13004 | D:9      | Reached skill level 1 in Shields
 13121 | D:9      | Reached XP level 11. HP: 47/67 MP: 10/18
 13696 | D:9      | You fall into a shaft and drop 2 floors!
 13704 | D:11     | Identified the +3 leather armour of the Sky {rElec rF+
                  | Int-3 Dex+5}
 13846 | D:10     | Noticed Nergalle
 13863 | D:10     | Killed Nergalle
 13991 | D:10     | Noticed a two-headed ogre
 14000 | D:10     | Killed a two-headed ogre
 14147 | D:9      | Noticed a death yak
 14147 | D:9      | Noticed a death yak
 14148 | D:9      | Noticed a death yak
 14290 | D:8      | Killed a death yak
 14291 | D:8      | Reached skill level 5 in Shields
 14444 | D:9      | Found a staircase to the Lair.
 14465 | D:9      | Noticed a death yak
 14465 | D:9      | Noticed a death yak
 14481 | D:9      | Killed a death yak
 14481 | D:9      | Killed a death yak
 14546 | D:8      | Killed a death yak
 15222 | D:9      | Killed a death yak
 15394 | D:9      | Found a shimmering blue altar of Sif Muna.
 16034 | D:5      | Killed Blork the orc
 16379 | D:10     | Found a glowing golden altar of the Shining One.
 16379 | D:10     | Found an opulent altar of Gozag.
 17261 | Lair:1   | Entered Level 1 of the Lair of Beasts
 17472 | Lair:1   | Noticed Sonja
 17581 | Lair:1   | Reached skill level 13 in Conjurations
 17581 | Lair:1   | Reached XP level 12. HP: 66/73 MP: 11/21
 17632 | Lair:1   | Killed Sonja
 18245 | Lair:1   | Noticed a boulder beetle
 18260 | Lair:1   | Noticed a boulder beetle
 18265 | Lair:1   | Killed a boulder beetle
 19005 | Lair:1   | Found the +3 pair of seven-league boots {Rampage+∞}
 19935 | Lair:2   | Learned a level 4 spell: Flame Wave
 19966 | Lair:2   | Reached skill level 1 in Fire Magic
 20344 | Lair:2   | Reached * piety under Vehumet
 20344 | Lair:2   | Offered knowledge of Foxfire by Vehumet.
 20469 | Lair:3   | Noticed Fannar
 21148 | Lair:2   | Reached skill level 5 in Fire Magic
 21440 | Lair:3   | Killed Fannar
 22062 | Lair:3   | Reached XP level 13. HP: 51/78 MP: 21/26
 22267 | Lair:3   | Found a staircase to the Shoals.
 22344 | Lair:3   | Noticed Gastronok
 23824 | Lair:2   | Killed Gastronok
 24172 | Lair:3   | Found a staircase to the Snake Pit.
 25100 | Lair:4   | Reached skill level 10 in Spellcasting
 25148 | Lair:4   | Reached ** piety under Vehumet
 25180 | Lair:4   | Offered knowledge of Sandblast by Vehumet.
 25464 | Lair:3   | Reached skill level 14 in Conjurations
 25875 | Lair:4   | Reached skill level 10 in Fighting
 27422 | Lair:4   | Reached skill level 15 in Conjurations
 27895 | Lair:5   | Entered Level 5 of the Lair of Beasts
 27919 | Lair:5   | Found a staircase to the Slime Pits.
 27932 | Lair:5   | Noticed SockSock's ghost (journeyman TrMo)
 27944 | Lair:5   | Found a frozen archway.
 27947 | Lair:5   | Offered knowledge of Volatile Blastmotes by Vehumet.
 27948 | Lair:5   | Reached *** piety under Vehumet
 27956 | IceCv    | Entered an ice cave
 28448 | IceCv    | Offered knowledge of Hailstorm by Vehumet.
 28453 | IceCv    | Learned a level 3 spell: Hailstorm
 28502 | IceCv    | Gained mutation: Your large and strong wings let you fly.
                  | [Gargoyle growth]
 28502 | IceCv    | Reached XP level 14. HP: 73/88 MP: 16/28
 28568 | IceCv    | Reached **** piety under Vehumet
 28586 | IceCv    | Offered knowledge of Fireball by Vehumet.
 28593 | IceCv    | Learned a level 5 spell: Fireball
 28960 | IceCv    | Reached skill level 5 in Dodging
 29234 | IceCv    | Identified the staff of death "Sidaposami" {rN+ Int+5}
 29238 | IceCv    | Got Ryimomon's Textbook on Hoarfrost
 29325 | Lair:5   | Reached ***** piety under Vehumet
 29354 | Lair:5   | HP: 1/88 [seven-headed hydra (10)]
 29565 | Lair:5   | Offered knowledge of Airstrike by Vehumet.
 29680 | Lair:5   | Identified the +1 pair of boots of Daisies {Harm rN+}
 29891 | Lair:5   | Found a runed translucent gate.
 29892 | Lair:5   | Found a runed translucent gate.
 29951 | Lair:5   | Found a runed translucent gate.
 32294 | Lair:5   | Found a corrupted altar of Lugonu.
 32294 | Lair:5   | Found a one-way gate to the infinite horrors of the Abyss.
 32955 | D:11     | Found Wiwnu's Book Emporium.
 32999 | D:11     | Found Tubrosev's Antique Weapon Boutique.
 33412 | D:11     | Identified the staff of cold "Rimum" {rC+ rCorr Stlth+}
 33721 | D:11     | Found Saddyne's Weapon Emporium.
 33816 | D:11     | Identified the +4 great sword of Ceneess {freeze, *Noise
                  | rElec Str+2 Dex+2}
 33861 | D:11     | Found a staircase to the Orcish Mines.
 33953 | D:11     | Noticed Josephine
 33956 | D:11     | Noticed Grum
 33961 | D:11     | Killed Josephine
 33962 | D:11     | Reached XP level 15. HP: 89/96 MP: 26/30
 33964 | D:11     | Killed Grum
 34355 | D:12     | Noticed Nessos
 34634 | D:12     | Noticed Azrael
 34652 | D:12     | Killed Nessos
 34657 | D:12     | Killed from afar by Azrael

Illustrated notes

Levels and vault maps discovered:
D:1:      beargit_arrival_diablo_church, layout_basic, minmay_misc_feat_rows,
          minmay_cut_off
D:2:      layout_basic, st_stairs_9
D:3:      layout_basic, mainiacjoe_overflow_concentric_impassable
D:4:      layout_basic, kennysheep_decorative_pillar, nicolae_shop_clearance
D:5:      layout_basic, chequers_serial_rivers_micro_d
D:6:      layout_cave_pools, guppyfry_early_elven_hall, uniq_blork_the_orc
D:7:      layout_gridville, minmay_temple_entry_glass, serial_rivers,
          chequers_serial_rivers_small_a, chequers_serial_rivers_micro_a,
          chequers_serial_rivers_marsh, chequers_serial_rivers_micro_b,
          chequers_serial_rivers_marsh, david_defended_altar_orc
D:8:      layout_basic, uniq_erica, uniq_prince_ribbit1
D:9:      nicolae_BIG_FREAKIN_CUBE, layout_basic, overflow_temple_1_default,
          dpeg_lair_monsters
D:10:     layout_long_grid, gammafunk_temple_overflow_pools, uniq_nergalle
D:11:     layout_roguey, erik_orc_1, serial_shops, nicolae_shop_tiny_glass,
          nicolae_shop_real_fake_doors, shop_statue, minmay_radiant,
          uniq_josephine, uniq_grum
D:12:     layout_rooms, st_stairs_11, nicolae_kite_square_tiling_tiny,
          uniq_frances, uniq_azrael, uniq_nessos
Temple:   mainiacjoe_temple_coin_purse
Lair:1:   layout_regular_city, enter_volcano_4,
          hellmonk_guarded_unrand_seven_league_boots, serial_bayou_shore_a,
          uniq_sonja
Lair:2:   layout_regular_city, chequers_serial_rivers_small_3,
          grunt_megastairs_5
Lair:3:   layout_cave_pods, nicolae_shoals_entry_roost, dummy_snake_entry,
          grunt_forest_stairs_clearing, grunt_megastairs_4, uniq_gastronok,
          uniq_fannar
Lair:4:   layout_regular_city, evilmike_ambush [evilmike_ambush_outer_corners,
          evilmike_ambush_inner_basic]
Lair:5:   hellmonk_lair_end_abyssal_woods, layout_misc_corridors,
          nicolae_slime_entry_field_trip, gammafunk_ghost_split,
          portal_ice_cave_entry_imps

Skill      XL: |  1  2  3  4  5  6  7  8  9 10 11 12 13 14 15 |
---------------+----------------------------------------------+-----
Conjurations   | 5 6 9 12 13 15 | 15.0
Spellcasting   | 3 4 5 6 9 10 11 | 11.5
Translocations | 1 2 3 4 5 8 |  8.9
Hexes          | 2 4 6 |  6.0
Fighting       | 2 5 7 8 10 11 12 | 12.1
Stealth        | 4 |  4.0
Dodging        | 2 4 5 |  5.0
Shields        | 1 6 |  6.0
Fire Magic     | 7 |  7.0

Action                     |  1- 3 |  4- 6 |  7- 9 | 10-12 | 13-15 || total
---------------------------+-------+-------+-------+-------+-------++-------
  Melee: Unarmed           |     5 |       |       |       |       ||     5
         Short sword       |     7 |       |       |       |       ||     7
         Spear             |       |       |     3 |    21 |    12 ||    36
         Staff             |       |       |       |       |     8 ||     8
  Throw: Dart              |       |       |       |       |     1 ||     1
         Stone             |       |       |       |       |     4 ||     4
   Cast: Magic Dart        |    44 |    20 |    37 |    60 |    85 ||   246
         Searing Ray       |    22 |    25 |    39 |    46 |    82 ||   214
         Fulminant Prism   |       |       |    28 |   135 |   141 ||   304
         Blink             |       |       |     1 |     2 |     6 ||     9
         Flame Wave        |       |       |       |     2 |    73 ||    75
         Fireball          |       |       |       |       |    87 ||    87
         Hailstorm         |       |       |       |       |     2 ||     2
    Use: Scroll            |       |     4 |     1 |    14 |     7 ||    26
         Potion            |       |       |       |     3 |     3 ||     6
 Armour: Robe              |    10 |       |       |       |     2 ||    12
         Leather armour    |     1 |     4 |    28 |    85 |    84 ||   202
         Ice dragon scales |       |       |       |       |   145 ||   145
  Dodge: Dodged            |    15 |    11 |    41 |   219 |   424 ||   710
  Block: Buckler           |       |       |       |    87 |   232 ||   319
